 Dungeon Crawl Stone Soup version 0.29-a0-648-g6b26cc9f40 (webtiles) character file.

Game seed: 17467183390106831813

95 Querens the Shield-Bearer (level 5, -6/46 HPs)
             Began as a Meteoran Fighter on June 20, 2022.
             Mangled by an orc warrior
             ... wielding a +2 mace of protection
              (11 damage)
             ... on level 4 of the Dungeon.
             The game lasted 00:05:48 (1743 turns).

Querens the Shield-Bearer (Meteoran Fighter)        Turns: 1743, Time: 00:05:49

Health: -6/46      AC: 10    Str: 20    XL:     5   Next: 19%
Magic:  6/6        EV:  7    Int:  9    God:
Gold:   112        SH:  5    Dex: 13    Spells: 2/4 levels left

rFire   + . .      SeeInvis .   a - +0 war axe
rCold   + . .      Faith    .   c - +0 buckler
rNeg    . . .      Spirit   .   e - +0 chain mail
rPois   .          Reflect  .   t - +0 helmet
rElec   .          Harm     .   j - scarf {rC+ rF+}
rCorr   .          Rampage  .   (no gloves)
Will    .....                   (no boots)
Stlth   ..........              (no amulet)
HPRegen 0.15/turn               (no ring)
MPRegen 0.10/turn               (no ring)

@: glowing
A: sense surroundings 1, otherworldly, glowing, explore regen
a: no special abilities


You were on level 4 of the Dungeon.
You visited 1 branch of the dungeon, and saw 4 of its levels.

You collected 112 gold pieces.

Inventory:

Hand Weapons
 a - a +0 war axe (weapon)
Armour
 b - a +0 scale mail
 c - a +0 buckler (worn)
 e - a +0 chain mail (worn)
 j - a scarf of resistance (worn)
 t - a +0 helmet (worn)
Jewellery
 i - a ring of flight
Wands
 s - a wand of mindburst (4)
Scrolls
 f - a scroll of blinking {unknown}
 k - a scroll of magic mapping {unknown}
 l - a scroll of torment {unknown}
 p - a scroll of immolation {unknown}
 r - a scroll of amnesia {unknown}
Potions
 d - a potion of might
 g - a potion of curing {unknown}
 h - a potion of invisibility {unknown}
 m - 4 potions of resistance {unknown}
 n - a potion of lignification {unknown}
 o - 2 potions of degeneration {unknown}
 q - a potion of ambrosia {unknown}


   Skills:
 + Level 4.0 Fighting
 + Level 3.4 Axes
 + Level 4.3 Armour
 + Level 4.5 Shields
 + Level 0.3 Spellcasting
 + Level 0.3 Transmutations


You had 2 spell levels left.
You knew the following spells:

 Your Spells              Type           Power      Damage    Failure   Level
a - Wereblood             Tmut           0%         N/A       100%        2

Your spell library contained the following spells:

 Spells                   Type           Power      Damage    Failure   Level
 Summon Small Mammal      Summ           0%         N/A       99%         1
 Sublimation of Blood     Necr           0%         N/A       100%        2
 Call Canine Familiar     Summ           0%         N/A       100%        3
 Summon Guardian Golem    Hex/Summ       0%         N/A       100%        3
 Summon Ice Beast         Ice/Summ       0%         N/A       100%        4
 Summon Mana Viper        Hex/Summ       0%         N/A       100%        5
 Monstrous Menagerie      Summ           0%         N/A       100%        7
 Summon Hydra             Summ           0%         N/A       100%        7


Dungeon Overview and Level Annotations

Branches:
Dungeon (4/15) Zot: 601
 Temple: D:4-7

Altars:
Wu Jian
Xom


Innate Abilities, Weirdness & Mutations

You passively map a small area around you.
You are easily found by Zot.
You glow in the dark.
You regain HP and MP as you explore.


Message History

Something tries to affect you, but you resist.
Unknown command.
Unknown command.
Aiming: Mindburst
Press: ? - help, Shift-Dir - straight line, f/p - orc warrior
Aim: an orc warrior, wielding a +2 mace of protection and wearing a +0 plate armour (heavily wounded, chance to affect: 64%)
The orc warrior struggles to resist.
Unknown command.
Aiming: Mindburst
Press: ? - help, Shift-Dir - straight line, f/p - orc warrior
Aim: an orc warrior, wielding a +2 mace of protection and wearing a +0 plate armour (heavily wounded, chance to affect: 64%)
The orc warrior struggles to resist.
The orc barely misses you.
You hear some strange, mumbled words.
You are confused.
You are too confused!
The orc hits you but does no damage. Something hits you but does no damage.
Unknown command.
Unknown command.
The orc hits you with a +0 trident! The orc hits you but does no damage.
You bump into the rock wall.
The orc hits you but does no damage.
The orc warrior hits you but does no damage.
The orc warrior attacks as you move away!
The orc warrior hits you with a +2 mace of protection!
You feel less confused. The orc hits you with a +0 trident.
Something hits you but does no damage.
You slash something!
You hit the orc warrior but do no damage.
You slash the orc!
You kill the orc!
Something hits you but does no damage. You block the orc warrior's attack.
The orc warrior hits you with a +2 mace of protection!
* * * LOW HITPOINT WARNING * * *
Something hits you but does no damage. Something completely misses you.
A magic dart appears from out of thin air!
The magic dart hits you.
* * * LOW HITPOINT WARNING * * *
The orc warrior hits you with a +2 mace of protection!
You die...

, , * * , , ***, ** *
* * ,,, ### * ** * * *
,, ,#.. , * *
#.######### ,
,#.#.......# * * *
#.#..@###.#
#.#{)o^.#.# *,
############.#.......#
, ,
#..................###
#.##########.#.#####
,*, #.# #.#.# ,, * ,
#.# #.#.# * #.# #.#.#
#.# #.#.#* ,*


You could see an orc warrior.

Vanquished Creatures
  Terence (D:2)
  An adder (D:2)
  A worm (D:3)
  2 dart slugs
  An orc (D:4)
  8 bats
  5 endoplasms
  8 goblins
  3 hobgoblins
  2 jackals (D:3)
  4 quokkas
  2 ball pythons (D:2)
  4 frilled lizards
  8 kobolds
  3 rats
53 creatures vanquished.

Notes
Turn   | Place    | Note
-------+----------+-------------------------------------------
     0 | D:1      | Querens the Meteoran Fighter began the quest for the Orb.
     0 | D:1      | Reached XP level 1. HP: 19/19 MP: 2/2
   114 | D:1      | Reached XP level 2. HP: 26/26 MP: 3/3
   442 | D:1      | Reached XP level 3. HP: 31/31 MP: 4/4
   463 | D:1      | Found a faded altar of an unknown god.
   484 | D:1      | Glimpsed the power of Zot.
   534 | D:1      | Glimpsed the power of Zot.
   647 | D:2      | Found a shimmering altar of Xom.
   919 | D:2      | Noticed Terence
   926 | D:2      | Killed Terence
   927 | D:2      | Reached XP level 4. HP: 40/40 MP: 5/5
  1012 | D:2      | Learned a level 2 spell: Wereblood
  1060 | D:2      | Glimpsed the power of Zot.
  1109 | D:2      | Glimpsed the power of Zot.
  1159 | D:3      | Reached XP level 5. HP: 42/46 MP: 6/6
  1261 | D:3      | Found an ornate altar of the Wu Jian Council.
  1647 | D:3      | Glimpsed the power of Zot.
  1716 | D:4      | Noticed an orc warrior
  1743 | D:4      | Mangled by an orc warrior

Illustrated notes

Levels and vault maps discovered:
D:1:      dpeg_arrival_boxes_within_box, layout_basic,
          shapermc_ecumenical_altar_mp_vishouse
D:2:      layout_basic, basic_altar, hangedman_decor_growths,
          minmay_randomly_rotated_circles, uniq_terence
D:3:      layout_loops_ring, pdpol_wu_jian_five_deadly_venoms, serial_aquarium,
          aquarium_bridge_long_separate [aquarium_subvault_bridge,
          aquarium_subvault_balcony, aquarium_subvault_wall,
          aquarium_subvault_window, aquarium_subvault_bridge,
          aquarium_subvault_window], aquarium_bridge_square
          [aquarium_subvault_wall, aquarium_subvault_bridge,
          aquarium_subvault_wall, aquarium_subvault_bridge],
          aquarium_window_corner, aquarium_window_fake, aquarium_window_1,
          aquarium_view_2e, aquarium_pool_side
D:4:      layout_basic, uniq_blork_the_orc, uniq_eustachio

Skill      XL: |  1  2  3  4 |
---------------+-------------+-----
Shields        | 4 |  4.5
Armour         | 4 |  4.3
Axes           | 3 |  3.4
Fighting       | 4 |  4.0
Spellcasting   | |  0.3
Transmutations | |  0.3

Action                   |  1- 3 |  4- 6 || total
-------------------------+-------+-------++-------
Melee: War axe           |    85 |    57 ||   142
Evoke: Wand              |       |     5 ||     5
Armor: Scale mail        |     4 |       ||     4
       Chain mail        |    39 |    81 ||   120
Dodge: Dodged            |    27 |    25 ||    52
Block: Buckler           |    24 |    24 ||    48

Table legend: (Time is in decaauts)
 A = Elapsed time spent in this place.
 B = Non-inter-level travel time spent in this place.
 C = Inter-level travel time spent in this place.
 D = Time resting spent in this place.
 E = Time spent auto-exploring this place.
 F = Levels seen in this place.
 G = Mean time per level.
                   A        B        C        D        E       F      G
               +--------+--------+--------+--------+--------+-----+--------+
         Total |   1797 |   1687 |    110 |      0 |      0 |   4 |  449.2 |
       Dungeon |   1797 |   1687 |    110 |      0 |      0 |   4 |  449.2 |
               +--------+--------+--------+--------+--------+-----+--------+

Top non-repeatable levels by time:
     D:2: 609 daAuts
     D:1: 577 daAuts
     D:3: 525 daAuts
     D:4: 84 daAuts
